 Dungeon Crawl Stone Soup version 0.23.2-30-g0e89c35649 (webtiles) character file.

Game seed: 5595260212129056840

77 Kahibar the Conjurer (level 4, 0/33 HPs)
             Began as a Draconian Conjurer on June 20, 2019.
             Succumbed to an adder's poison
             ... on level 1 of the Dungeon.
             The game lasted 00:14:09 (1615 turns).

Kahibar the Conjurer (Draconian Conjurer)           Turns: 1615, Time: 00:14:10

Health: 0/33       AC:  5    Str: 10    XL:     4   Next: 13%
Magic:  1/7        EV: 12    Int: 16    God:
Gold:   35         SH:  0    Dex: 12    Spells: 6/7 levels left

rFire    . . .     SeeInvis .   l - +0 spear
rCold    . . .     Gourm    .   (no shield)
rNeg     . . .     Faith    .   (armour unavailable)
rPois    .         Spirit   .   (helmet restricted)
rElec    .         Reflect  .   (no cloak)
rCorr    .         Harm     .   (no gloves)
MR       .....                  (no boots)
Stlth    ++........             (no amulet)
HPRegen  0.11/turn              (no ring)
MPRegen  0.10/turn              (no ring)

@: lethally poisoned (0 -> -8)
A: unfitting armour, cold-blooded, AC +5
a: no special abilities


You were on level 1 of the Dungeon.
You were not hungry.

You visited 1 branch of the dungeon, and saw 2 of its levels.

You collected 35 gold pieces.

Inventory:

Hand Weapons
 a - a +0 hunting sling
 d - a +0 club
 h - a +0 hunting sling
 l - a +0 spear (weapon)
Missiles
 o - 13 stones (quivered)
Jewellery
 f - a +4 ring of intelligence {unknown}
 i - a +3 amulet of reflection {unknown}
Scrolls
 g - a scroll of teleportation {unknown}
 n - a scroll of remove curse {unknown}
Potions
 c - a potion of invisibility {unknown}
 e - a potion of magic {unknown}
 j - a potion of brilliance {unknown}
 m - a potion of cancellation {unknown}
 p - a potion of curing {unknown}
Comestibles
 b - 2 rations
 k - 6 chunks of flesh


   Skills:
 * Level 0.4 Polearms
 + Level 2.1 Dodging
 * Level 2.4 Stealth
 + Level 2.4 Spellcasting
 + Level 4.8 Conjurations


You had 6 spell levels left.
You knew the following spells:

 Your Spells              Type           Power        Failure   Level  Hunger
a - Magic Dart            Conj           ###.         2%          1    #......

Your spell library contained the following spells:

 Spells                   Type           Power        Failure   Level  Hunger
 Searing Ray              Conj           ###...       4%          2    ###....
 Dazzling Spray           Conj/Hex       #.....       22%         3    ###....
 Iskenderun's Mystic Bla  Conj           ###.....     26%         4    #####..
 Force Lance              Conj/Tloc      #.......     58%         4    #####..
 Fulminant Prism          Conj/Hex       #.........   58%         4    #####..


Dungeon Overview and Level Annotations

Branches:
Dungeon (2/15)

Altars:


Innate Abilities, Weirdness & Mutations

Your plain brown scales are hard. (AC +5)
You cannot fit into any form of body armour.
You are cold-blooded and may be slowed by cold attacks.


Message History

* * * LOW HITPOINT WARNING * * *
You feel sick. The orc misses you.
Casting: Magic Dart (safe; 2% risk of failure)
Confirm with . or Enter, or press ? or * to list all spells.
Aiming: Magic Dart (safe; 2% risk of failure)
Press: ? - help, Shift-Dir - straight line, f/p - orc
Aim: an orc, wielding a +0 flail and wearing a +0 chain mail The magic dart hits the orc but does no damage.
* * * LOW HITPOINT WARNING * * *
You feel sick. The orc hits you with a +0 flail.
* * * LOW HITPOINT WARNING * * *
Unknown command.
Casting: Magic Dart (safe; 2% risk of failure)
Confirm with . or Enter, or press ? or * to list all spells.
Aiming: Magic Dart (safe; 2% risk of failure)
Press: ? - help, Shift-Dir - straight line, f/p - orc
Aim: an orc, wielding a +0 flail and wearing a +0 chain mail The magic dart hits the orc.
The orc is heavily wounded.
You die...

#.≈≈≈≈.≈≈≈≈...#..##.......##
#.≈≈≈≈.≈≈≈≈.#.....'.........
#.≈≈≈≈.≈≈≈≈....[>##.........
#.≈≈≈≈.≈≈≈≈...#####.......##
#.≈≈≈≈.≈≈≈≈.#.# #.......#
#.≈≈≈≈.≈≈≈≈...# #.......#
#.≈≈≈≈.≈≈≈≈o..# #.......#
##.≈≈≈≈.≈≈≈≈.#.# #####'###
#..P≈≈P.P≈≈P@#.# #.####
#............#.# #.....
#..###########.##############
##............[..............
############################


You could see an orc.

Vanquished Creatures
  3 adders
  An ooze (D:1)
  2 dart slugs (D:1)
  An orc (D:1)
  8 goblins
  4 hobgoblins (D:1)
  5 jackals (D:1)
  3 kobolds (D:1)
  A ball python (D:1)
  5 bats (D:1)
  A frilled lizard (D:1)
  4 rats (D:1)
38 creatures vanquished.

Notes
Turn   | Place    | Note
-------+----------+-------------------------------------------
     0 | D:1      | Kahibar the Draconian Conjurer began the quest for the Orb.
     0 | D:1      | Reached XP level 1. HP: 14/14 MP: 3/3
   203 | D:1      | Reached XP level 2. HP: 20/20 MP: 0/5
   726 | D:1      | Reached XP level 3. HP: 21/26 MP: 0/6
  1477 | D:2      | Noticed an orc warrior
  1488 | D:1      | Reached XP level 4. HP: 21/33 MP: 2/7
  1613 | D:1      | HP: 1/33 [orc/+0 flail (1)]
  1615 | D:1      | Succumbed to an adder's poison

Skill      XL: |  1  2 |
---------------+-------+-----
Dodging        | 2 |  2.1
Stealth        | 2 |  2.4
Polearms       | |  0.4
Spellcasting   | |  2.4
Conjurations   | |  4.8

Action                   |  1- 3 |  4- 6 || total
-------------------------+-------+-------++-------
Melee: Club              |    14 |       ||    14
       Tailslap          |     5 |       ||     5
       Spear             |    14 |     1 ||    15
 Cast: Magic Dart        |    61 |     8 ||    69
  Eat: Chunk             |     3 |       ||     3
Armor: Skin              |    11 |     2 ||    13
Dodge: Dodged            |    30 |     5 ||    35
